 Dungeon Crawl Stone Soup version 0.27-a0-1136-g0b992a5a9d (webtiles) character file.

Game seed: 9076554384381205034

219 siradein the Twirler (level 5, -3/38 HPs)
             Began as a Demonspawn Gladiator on May 4, 2021.
             Slain by Grinder (5 damage)
             ... on level 3 of the Dungeon.
             The game lasted 00:05:03 (2565 turns).

siradein the Twirler (Demonspawn Gladiator)         Turns: 2565, Time: 00:05:03

Health: -3/38      AC:  4    Str: 14    XL:     5   Next: 64%
Magic:  5/5        EV: 12    Int: 10    God:
Gold:   111        SH:  0    Dex: 15    Spells: 4/4 levels left

rFire    . . .     SeeInvis .   a - +0 quarterstaff
rCold    . . .     Faith    .   (shield currently unavailable)
rNeg     . . .     Spirit   .   b - +0 leather armour
rPois    .         Reflect  .   c - +0 helmet
rElec    .         Harm     .   (no cloak)
rCorr    .         Rampage  .   (no gloves)
Will     .....                  (no boots)
Stlth    +.........             (no amulet)
HPRegen  0.12/turn              (no ring)
MPRegen  0.09/turn              (no ring)

@: no status effects
A: spiny 1
a: no special abilities


You were on level 3 of the Dungeon.
You visited 1 branch of the dungeon, and saw 3 of its levels.

You collected 111 gold pieces.

Inventory:

Hand Weapons
 a - a +0 quarterstaff (weapon)
Missiles
 d - 3 throwing nets (quivered)
Armour
 b - a +0 leather armour (worn)
 c - a +0 helmet (worn)
Scrolls
 e - 2 scrolls of noise {unknown}
 f - 5 scrolls of identify {unknown}
 g - a scroll of vulnerability {unknown}
 i - a scroll of enchant weapon {unknown}
 k - a scroll of amnesia {unknown}
 l - a scroll of teleportation {unknown}
Potions
 h - 2 potions of heal wounds {unknown}
 j - a potion of cancellation {unknown}
 m - a potion of degeneration {unknown}


   Skills:
 - Level 2.0 Fighting
 + Level 5.9 Staves
 - Level 1.7 Throwing
 - Level 2.6 Dodging


You had 4 spell levels left.
You didn't know any spells.
Your spell library was empty.

Dungeon Overview and Level Annotations

Branches:
Dungeon (3/15)

Altars:

Annotations:
D:3 Grinder


Innate Abilities, Weirdness & Mutations

You are partially covered in sharp spines.


Message History

You barely miss Grinder. Grinder closely misses you.
You hit Grinder.
Grinder is lightly wounded.
Grinder hits you!
You hit Grinder but do no damage.
Grinder is lightly wounded.
Grinder hits you.
You writhe in agony.
You barely miss Grinder.
Grinder is lightly wounded.
Grinder blinks!
You hit Grinder.
Grinder is lightly wounded.
Grinder gestures at you. You resist with significant effort.
You thump Grinder!
Grinder is moderately wounded.
Grinder gestures at you. Pain shoots through your body!
You are too injured to fight recklessly!
You are too injured to fight recklessly!
You hit Grinder.
Grinder is heavily wounded.
Grinder is struck by your spines. Grinder barely misses you.
You barely miss Grinder.
Grinder is heavily wounded.
Grinder barely misses you.
You closely miss Grinder.
Grinder is heavily wounded.
Grinder closely misses you.
You closely miss Grinder.
Grinder is heavily wounded.
Grinder says, "FISH!"
Grinder hits you!
* * * LOW HITPOINT WARNING * * *
You sock Grinder!
Grinder is severely wounded.
Grinder is struck by your spines. Grinder hits you!
* * * LOW HITPOINT WARNING * * *
You writhe in agony.
You die...

....# #.....# ....#
#.....#
....#####.....####
..................
...<#####.....###
##.........####
#.........# ##
#.........##########
...
+.............5@...#
....
#.........########.#
...l. ###########
#.#....5. #........
##....... .......
....... ..#.###
#.#.#


You could see Grinder.

Vanquished Creatures
  A sky beast (D:2)
  A scorpion (D:2)
  An adder (D:2)
  2 ball pythons (D:2)
  9 endoplasms
  4 giant cockroaches
  10 goblins
  2 hobgoblins (D:2)
  7 jackals (D:1)
  6 quokkas
  5 bats
  A frilled lizard (D:1)
  3 kobolds
  2 rats (D:2)
54 creatures vanquished.

Notes
Turn   | Place    | Note
-------+----------+-------------------------------------------
     0 | D:1      | siradein the Demonspawn Gladiator began the quest for the
                  | Orb.
     0 | D:1      | Reached XP level 1. HP: 16/16 MP: 1/1
    15 | D:1      | Found a faded altar of an unknown god.
   148 | D:1      | Reached skill level 3 in Staves
   209 | D:1      | Gained mutation: You are partially covered in sharp spines.
                  | [demonic ancestry]
   209 | D:1      | Reached XP level 2. HP: 6/22 MP: 2/2
   706 | D:1      | Reached XP level 3. HP: 27/27 MP: 3/3
  1044 | D:2      | Reached skill level 4 in Staves
  1614 | D:2      | Reached XP level 4. HP: 33/33 MP: 4/4
  1716 | D:2      | Noticed a scorpion
  1729 | D:2      | Killed a scorpion
  1730 | D:2      | Reached skill level 5 in Staves
  1996 | D:2      | Noticed a sky beast
  2094 | D:2      | Killed a sky beast
  2095 | D:2      | Reached XP level 5. HP: 10/38 MP: 5/5
  2543 | D:3      | Noticed Grinder
  2565 | D:3      | Slain by Grinder

Illustrated notes

Levels and vault maps discovered:
D:1:      minmay_arrival_diagonal_passages, layout_basic,
          hellmonk_ecumenical_altar_arch_garden, minmay_distorted
D:2:      kennysheep_the_goblin_king, layout_loops_ring, hex_large,
          nicolae_underground_beach
D:3:      layout_basic, uniq_robin, uniq_natasha, uniq_grinder

Skill      XL: |  1  2  3  4 |
---------------+-------------+-----
Staves         | 3 4 5 |  5.9
Fighting       | |  2.0
Throwing       | |  1.7
Dodging        | |  2.6

Action                   |  1- 3 |  4- 6 || total
-------------------------+-------+-------++-------
Melee: Quarterstaff      |    88 |    40 ||   128
 Stab: Sleeping          |       |     1 ||     1
Armor: Leather armour    |    30 |    10 ||    40
Dodge: Dodged            |    62 |    21 ||    83

Table legend: (Time is in decaauts)
 A = Elapsed time spent in this place.
 B = Non-inter-level travel time spent in this place.
 C = Inter-level travel time spent in this place.
 D = Time resting spent in this place.
 E = Time spent auto-exploring this place.
 F = Levels seen in this place.
 G = Mean time per level.
                   A        B        C        D        E       F      G
               +--------+--------+--------+--------+--------+-----+--------+
         Total |   2577 |   2516 |     61 |      7 |   2128 |   3 |  859.0 |
       Dungeon |   2577 |   2516 |     61 |      7 |   2128 |   3 |  859.0 |
               +--------+--------+--------+--------+--------+-----+--------+

Top non-repeatable levels by time:
     D:2: 1499 daAuts
     D:1: 1032 daAuts
     D:3: 45 daAuts
